 Dungeon Crawl Stone Soup version 0.31-a0-354-g827e095 (webtiles) character file.

Game seed: 9258550973730368714

33 Dorkslayer the Trooper (level 3, 0/33 HPs)
             Began as a Hill Orc Fighter on July 23, 2023.
             Slain by a gnoll
             ... wielding a +0 halberd
              (7 damage)
             ... on level 2 of the Dungeon.
             The game lasted 00:02:31 (777 turns).

Dorkslayer the Trooper (Hill Orc Fighter)            Turns: 777, Time: 00:02:33

Health: 0/33       AC:  8    Str: 20    XL:     3   Next: 29%
Magic:  3/3        EV:  9    Int:  8    God:
Gold:   131        SH:  4    Dex: 10    Spells: 2/2 levels left

rFire   . . .        a - +0 war axe
rCold   . . .        c - +0 buckler
rNeg    . . .        b - +0 scale mail
rPois   .            k - +0 helmet
rElec   .            (no cloak)
rCorr   .            (no gloves)
SInv    .            (no boots)
Will    +....        (no amulet) Stlth
                     e - ring of willpower
HPRegen 0.25/turn    (no ring)
MPRegen 0.08/turn

%: no passive effects
@: no status effects
A: no striking features
a: no special abilities


You were on level 2 of the Dungeon.
You visited 1 branch of the dungeon, and saw 2 of its levels.

You collected 131 gold pieces.

Inventory:

Hand Weapons
 a - a +0 war axe (weapon)
Missiles
 f - 3 javelins (quivered)
Armour
 b - a +0 scale mail (worn)
 c - a +0 buckler (worn)
 k - a +0 helmet (worn)
Jewellery
 e - a ring of willpower (left hand)
Scrolls
 h - a scroll of identify {unknown}
Potions
 d - a potion of might
 g - a potion of enlightenment {unknown}
 i - a potion of brilliance {unknown}
 j - a potion of lignification {unknown}


   Skills:
 + Level 4.1 Fighting
 + Level 3.2 Axes
 * Level 0.2 Throwing
 + Level 3.5 Armour
 * Level 0.6 Dodging
 + Level 3.5 Shields


You had 2 spell levels left.
You didn't know any spells.
Your spell library was empty.

Dungeon Overview and Level Annotations

Branches:
Dungeon (2/15)

Altars:


Message History

i - an amethyst potion You see here a worm corpse.
You now have 117 gold pieces (gained 16).
You now have 127 gold pieces (gained 10).
You open the door.
There is an open door here.
You now have 131 gold pieces (gained 4).
You open the door. You open the door.
There is an open door here.
Found a helmet and 7 stones.
j - a bubbling brown potion You see here a +0 helmet.
k - a +0 helmet You start putting on your armour.
You continue putting on your +0 helmet. x4
You finish putting on your +0 helmet.
Found a leather armour.
A gnoll comes into view. It is wielding a +0 spear.
The gnoll shouts!
A gnoll comes into view. It is wielding a +0 spear.
The gnoll shouts!
You hear a shout!
A gnoll comes into view. It is wielding a +0 halberd.
The gnoll hits you with a +0 spear.
You hit the gnoll.
The gnoll is moderately wounded.
You block the gnoll's attack. The gnoll hits you with a +0 spear.
The gnoll hits you from afar with a +0 halberd.
You hit the gnoll.
The gnoll is severely wounded.
The gnoll hits you from afar with a +0 spear.
The gnoll hits you from afar with a +0 halberd.
The gnoll hits you with a +0 spear. The gnoll closely misses you.
The gnoll misses you.
You barely miss the gnoll.
The gnoll is severely wounded.
The gnoll hits you from afar with a +0 spear.
The gnoll hits you with a +0 spear.
* * * LOW HITPOINT WARNING * * *
The gnoll hits you from afar with a +0 halberd!
You die...

....##............
....##.......##..#
....##.......##..#
....##.......##..#
.............##..#
.............##..#
.............##..#
.........#.......#
##.......#.#####@#
#.......#.#....g.g.....
#.......#.#.....#g..###
#.......#.#######...#
#.......#.. ....
#.......### ####.
#.......#


You could see 3 gnolls.

Vanquished Creatures
  A worm (D:2)
  A dart slug (D:1)
  3 ball pythons (D:1)
  3 bats
  4 endoplasms (D:1)
  5 giant cockroaches (D:1)
  A goblin (D:2)
  A quokka (D:2)
  A frilled lizard (D:1)
  5 kobolds (D:1)
  A rat (D:1)
26 creatures vanquished.

Notes
Turn   | Place    | Note
-------+----------+-------------------------------------------
     0 | D:1      | Dorkslayer the Hill Orc Fighter began the quest for the
                  | Orb.
     0 | D:1      | Reached XP level 1. HP: 19/19 MP: 1/1
    66 | D:1      | Reached XP level 2. HP: 21/27 MP: 2/2
   224 | D:1      | Reached skill level 4 in Fighting
   301 | D:1      | Reached XP level 3. HP: 33/33 MP: 3/3
   777 | D:2      | Slain by a gnoll

Illustrated notes

Levels and vault maps discovered:
D:1:      erik_arrival_blinker_ship, layout_basic,
          amcnicky_mini_rare_corridor_liquid, chequers_arboretum,
          minmay_gold_behind_fungi, serial_park_tiny_2,
          minmay_misc_feat_more_columns, kennysheep_another_room,
          chequers_serial_rivers_micro_b
D:2:      layout_basic, serial_shops, shop, minmay_distorted, uniq_natasha

Skill      XL: |  1  2  3 |
---------------+----------+-----
Fighting       | 4 |  4.1
Axes           | 3 |  3.2
Throwing       | |  0.2
Armour         | |  3.5
Dodging        | |  0.6
Shields        | |  3.5

Action                     || total
---------------------------++-------
  Melee: War axe           ||    74
 Armour: Scale mail        ||    44
  Dodge: Dodged            ||    25
  Block: Buckler           ||    14

Table legend: (Time is in decaauts)
 A = Elapsed time spent in this place.
 B = Non-inter-level travel time spent in this place.
 C = Inter-level travel time spent in this place.
 D = Time resting spent in this place.
 E = Time spent auto-exploring this place.
 F = Levels seen in this place.
 G = Mean time per level.
                   A        B        C        D        E       F      G
               +--------+--------+--------+--------+--------+-----+--------+
         Total |    805 |    805 |      0 |      0 |    299 |   2 |  402.5 |
       Dungeon |    805 |    805 |      0 |      0 |    299 |   2 |  402.5 |
               +--------+--------+--------+--------+--------+-----+--------+

Top non-repeatable levels by time:
     D:1: 631 daAuts
     D:2: 174 daAuts
